 Dungeon Crawl Stone Soup version 0.18-a0-1782-gb76a692 (webtiles) character file.

3832 epen the Schismatic (level 9, 0/68 HPs)
             Began as a Demonspawn Abyssal Knight on Apr 17, 2016.
             Was an Elder of Lugonu.
             Slain by a soldier ant (10 damage)
             ... on level 7 of the Dungeon.
             The game lasted 00:21:23 (9822 turns).

epen the Schismatic (Demonspawn Abyssal Knight)     Turns: 9822, Time: 00:21:24

Health: 0/68       AC: 15    Str: 16    XL:     9   Next: 98%
Magic:  14/14      EV:  8    Int: 14    God:    Lugonu [****..]
Gold:   372        SH:  4    Dex: 15    Spells: 0 memorised, 8 levels left

rFire  . . .     SeeInvis .     w - +1 spear (venom)
rCold  + + .     Gourm    .     I - +2 chain mail {rC+}
rNeg   . . .     Faith    .     j - +0 buckler
rPois  .         Spirit   .     (helmet restricted)
rElec  .         Dismiss  .     (no cloak)
rCorr  .         Reflect  .     (no gloves)
SustAt .         Harm     .     (no boots)
MR     .....                    D - amulet of rage
Stlth  ..........               (no ring)
                                p - +3 ring of dexterity

@: not resistant to hostile enchantments, extremely unstealthy
A: antennae 1, icy blue scales 2, cold resistance 1, freezing cloud immunity
a: Depart the Abyss, Bend Space, Banish, Corrupt, Renounce Religion, Evoke
Berserk Rage


You were on level 7 of the Dungeon.
You worshipped Lugonu.
Lugonu was greatly pleased with you.
You were near starving.

You visited 1 branch of the dungeon, and saw 8 of its levels.
You visited the Abyss 1 time.

You collected 372 gold pieces.

Inventory:

Hand Weapons
 a - a +1 falchion
 u - a +2 dagger of speed
 w - a +1 spear of venom (weapon)
 B - a +0 rapier of electrocution
Armour
 b - a +0 leather armour
 f - a +0 scale mail of magic resistance
 j - a +0 buckler (worn)
 I - a +2 chain mail of cold resistance (worn)
Jewellery
 p - a +3 ring of dexterity (left hand)
 D - an amulet of rage (around neck)
Wands
 C - a wand of iceblast (5/15)
Scrolls
 d - a scroll of immolation
 e - a scroll of noise {unknown}
 h - 2 scrolls of teleportation
 i - 2 scrolls of fog
 t - a scroll of vulnerability {unknown}
 A - a scroll of recharging {unknown}
Potions
 k - 5 potions of curing
 l - 2 potions of heal wounds {unknown}
 m - a potion of agility
 n - a potion of might {unknown}
 o - 3 potions of lignification {unknown}
 q - 2 potions of resistance {unknown}
 r - 3 potions of invisibility
 s - a potion of mutation {unknown}
 v - 2 potions of brilliance
 z - 2 potions of berserk rage {unknown}
 G - a potion of ambrosia {unknown}
Books
 x - a book of Hinderance

   Spells                             Type                      Level
   a - Confusing Touch                Hexes                        2
   b - Confuse                        Hexes                        3
   c - Gell's Gravitas                Hexes/Translocation          3
   d - Petrify                        Transmutation/Earth          4
   e - Metabolic Englaciation         Hexes/Ice                    5
   f - Yara's Violent Unravelling     Hexes/Transmutation          5
 y - a book of Ice

   Spells                             Type                      Level
   a - Ice Form                       Ice/Transmutation            4
   b - Metabolic Englaciation         Hexes/Ice                    5
   c - Ozocubu's Refrigeration        Ice                          6
   d - Bolt of Cold                   Conjuration/Ice              6
   e - Freezing Cloud                 Conjuration/Ice/Air          6
   f - Simulacrum                     Ice/Necromancy               6
Comestibles
 c - 7 bread rations
 g - a meat ration
 E - 2 beef jerkies
 F - 7 slices of pizza
 H - a royal jelly


   Skills:
 + Level 5.4 Fighting
 * Level 7.4 Long Blades
 * Level 5.5 Armour
 + Level 6.4 Dodging
 + Level 2.5 Shields
 + Level 7.6 Invocations


You had 8 spell levels left.
You didn't know any spells.

Dungeon Overview and Level Annotations

Branches:
Dungeon (8/15)             Temple (0/1) D:4
   Lair: D:8-11

Altars:
Gozag
Nemelex Xobeh
Okawaru
Pakellas
Qazlal
Sif Muna
Xom

Annotations:
Abyss:1 Dowan, Menkaure


Innate Abilities, Weirdness & Mutations

You have a pair of small antennae on your head.
You are mostly covered in icy blue scales (AC +3, EV -1).
Your flesh is cold resistant.
You are immune to freezing clouds.


Message History

You hit the soldier ant.
The soldier ant is moderately wounded.
You feel sick. The soldier ant stings you.
* * * LOW HITPOINT WARNING * * *
You are too injured to fight recklessly!
You are too injured to fight recklessly!
You hit the soldier ant but do no damage.
The soldier ant looks even sicker.
The soldier ant is moderately wounded.
You feel sick. The soldier ant stings you.
* * * LOW HITPOINT WARNING * * *
You barely miss the soldier ant.
The soldier ant is heavily wounded.
You feel sick.
The soldier ant stings you but does no damage.
The soldier ant stings you!
* * * LOW HITPOINT WARNING * * *
Drink which item? (? for menu, Esc to quit)
You feel better. The soldier ant stings you!
You die...

.....##+##.....#
.........#.)...#####
.........#.........#
.........'.........#
#....##..#.........#
#....##..#.........#
#######..#.........#
.....##....(...#####
.....#.........a@.#
##'###....###.###.#
.....###.ยง#..a..#.##
.....#....#.....#..#
######.............#
#.......#..>..#..#
#.......#.....#..#
#######.###.###..#
#..........#


You could see a soldier ant.

Vanquished Creatures
  A human (D:7)
  A hog (D:7)
  A hippogriff (D:7)
  2 soldier ants
  Duvessa (D:7)
  An orc warrior (D:8)
  2 sky beasts (D:5)
  An ice beast (D:5)
  A phantom (D:7)
  3 ogres
  A necrophage (D:5)
  A giant frog (D:8)
  2 scorpions
  4 howler monkeys
  A centaur zombie (D:7)
  2 crimson imps
  6 hounds
  3 orc priests
  4 orc wizards
  3 giant frog skeletons (D:5)
  An iguana (D:5)
  9 worker ants
  3 sheep (D:7)
  2 hound zombies
  A howler monkey skeleton (D:5)
  4 gnolls (D:4)
  14 adders
  An ooze (D:1)
  An adder skeleton (D:5)
  5 worms
  3 dart slugs
  4 giant geckos
  15 orcs
  3 bats
  3 giant cockroaches
  5 goblins
  10 hobgoblins
  5 jackals
  6 kobolds
  4 quokkas
  A giant cockroach zombie (D:5)
  2 giant gecko skeletons
  6 giant newts
  A jackal skeleton (D:5)
  A quokka skeleton (D:5)
  8 rats
159 creatures vanquished.

Vanquished Creatures (others)
  A queen ant (D:7)
  The ghost of LernaeanJelly the Cleaver, a novice HOBe of Trog (D:5)
  An ogre (D:7)
3 creatures vanquished.

Grand Total: 162 creatures vanquished

Notes
Turn   | Place    | Note
--------------------------------------------------------------
     0 | Abyss:1  | epen the Demonspawn Abyssal Knight began the quest for the Orb.
     0 | Abyss:1  | Reached XP level 1. HP: 18/18 MP: 2/2
    10 | D:1      | Escaped the Abyss
    70 | D:1      | Reached skill level 1 in Dodging
    80 | D:1      | Gained mutation: You have a pair of small antennae on your head. [demonic ancestry]
    80 | D:1      | Reached XP level 2. HP: 18/24 MP: 3/3
   460 | D:1      | Reached ** piety under Lugonu
   595 | D:1      | Reached XP level 3. HP: 29/29 MP: 5/5
  1479 | D:2      | Gained mutation: Your flesh is cold resistant. [demonic ancestry]
  1479 | D:2      | Reached XP level 4. HP: 24/35 MP: 6/6
  2476 | D:3      | Found an oddly glowing altar of Pakellas.
  2480 | D:3      | Found an opulent altar of Gozag.
  2481 | D:3      | Found an iron altar of Okawaru.
  2481 | D:3      | Found a shimmering altar of Xom.
  2481 | D:3      | Found a deep blue altar of Sif Muna.
  2487 | D:3      | Reached XP level 5. HP: 31/41 MP: 7/7
  3123 | D:4      | Found a staircase to the Ecumenical Temple.
  3391 | D:3      | Reached *** piety under Lugonu
  3928 | D:4      | Gained mutation: You are partially covered in icy blue scales (AC +1). [demonic ancestry]
  3928 | D:4      | Reached XP level 6. HP: 41/47 MP: 9/9
  4372 | D:4      | Reached skill level 5 in Invocations
  4529 | D:5      | Entered Level 5 of the Dungeon
  4535 | D:5      | Noticed LernaeanJelly's ghost (novice HOBe)
  4552 | D:5      | Gained mutation: You are immune to freezing clouds. [demonic ancestry]
  4552 | D:5      | Reached XP level 7. HP: 41/52 MP: 10/10
  4554 | D:5      | Banished LernaeanJelly's ghost
  4813 | D:5      | Reached skill level 5 in Long Blades
  4852 | D:5      | Reached XP level 8. HP: 51/59 MP: 12/12
  4859 | D:5      | Gained mutation: You are weak. (Str -2) [mutagenic meat]
  4860 | D:5      | Gained mutation: Your magical capacity is low (-10% MP). [mutagenic meat]
  4861 | D:5      | Gained mutation: You have a pair of antennae on your head. [mutagenic meat]
  4862 | D:5      | Lost mutation: You are weak. (Str -2) [mutagenic meat]
  4863 | D:5      | Gained mutation: Your magical capacity is very low (-20% MP). [mutagenic meat]
  5075 | D:5      | Reached skill level 5 in Dodging
  5499 | D:5      | Reached **** piety under Lugonu
  5875 | D:5      | Lost mutation: Your magical capacity is very low (-20% MP). [potion of cure mutation]
  5875 | D:5      | Lost mutation: Your magical capacity is low (-10% MP). [potion of cure mutation]
  5875 | D:5      | Lost mutation: You have a pair of antennae on your head. [potion of cure mutation]
  5907 | D:6      | Noticed Menkaure
  5916 | D:6      | HP: 2/60 [Menkaure (18)]
  5917 | D:6      | Banished Menkaure
  6333 | D:6      | Found a stormy altar of Qazlal.
  6994 | D:7      | Noticed Dowan
  6995 | D:7      | Noticed Duvessa
  7009 | D:7      | Killed Duvessa
  7010 | D:7      | Banished Dowan
  7627 | D:7      | Gained mutation: You are mostly covered in icy blue scales (AC +3, EV -1). [demonic ancestry]
  7627 | D:7      | Reached XP level 9. HP: 65/65 MP: 14/14
  7695 | D:7      | Found a sparkling altar of Nemelex Xobeh.
  7733 | D:7      | Reached skill level 1 in Shields
  8250 | D:7      | Reached skill level 5 in Fighting
  8988 | D:8      | Reached skill level 5 in Armour
  9480 | D:8      | Noticed a queen ant
  9560 | D:7      | Banished a queen ant
  9821 | D:7      | HP: 1/68 [soldier ant (10)]
  9822 | D:7      | Slain by a soldier ant

Vault maps used:
D:1:      roderic_chinese_lattice_arrival
D:2:      first_bread
D:3:      grunt_temple_overflow_open
D:4:      temple_fountains
D:5:      st_stairs_10
D:6:      lemuel_doored_altar, uniq_menkaure
D:7:      minmay_misc_feat_columns, grunt_livestock, st_stairs_3,
          minmay_misc_feat_more_columns, nemelex_xobeh_ov_fountains_minmay,
          uniq_duvessa
D:8:      serial_shops, nicolae_shop_crystal, kennysheep_mini,
          minmay_another_anthill

Skill      XL: |  1  2  3  4  5  6  7  8  9 |
---------------+----------------------------+-----
Dodging        | 1 2 3 4 5 6 |  6.4
Long Blades    | 2 3 4 5 6 7 |  7.4
Invocations    | 3 4 5 6 7 |  7.6
Armour         | 2 4 5 |  5.5
Fighting       | 4 5 |  5.4
Shields        | 2 |  2.5

Action                   |  1- 3 |  4- 6 |  7- 9 || total
-------------------------+-------+-------+-------++-------
Melee: Falchion          |   118 |   131 |       ||   249
       Spear             |       |    91 |   400 ||   491
       Dagger            |       |       |   169 ||   169
Invok: Banish            |       |       |     6 ||     6
  Use: Potion            |       |     2 |     3 ||     5
       Scroll            |       |       |    11 ||    11
  Eat: Chunk             |     2 |     4 |    10 ||    16
       Meat ration       |       |     1 |     2 ||     3
       Pizza             |       |       |     1 ||     1
       Beef jerky        |       |       |     1 ||     1
Armor: Leather armour    |     6 |       |       ||     6
       Scale mail        |    43 |    70 |   163 ||   276
       Chain mail        |       |       |    46 ||    46
Dodge: Dodged            |    58 |   121 |   226 ||   405
Block: Buckler           |       |       |    55 ||    55
